AoeStats
← let me cook

MegaRandom

509776157Analyzed
3v3 RM · 4d ago on Sep 28, 2026· 20m 35s· 6 players
Game mode
Random Map
Map size
Normal (6 player)
Population
200
Speed
Normal
Resources
Standard
Victory
Conquest
Starting age
Dark Age
Ending age
Imperial Age
RankedLock teamsTeams togetherTeam positionsShared explorationLock speedFull tech treeHidden civsTurbo modeCheats
Victory
Defeat
🇺🇸 Portuguese · United States
1362
+13
🇺🇸 Saracens · United States
1325
+15
🇺🇸 Aztecs · United States
1323
+15
🇧🇷 Tatars · Brazil
1367
-16
🇺🇸 Burgundians · United States
1279
-14
🇨🇱 Mongols · Chile
1265
-13
let me cook
4:26 Loom
11:24 Feudal Age
15:36 Fletching
Celestius
4:18 Loom
13:15 Feudal Age
15:29 Double-Bit Axe
20:05 Castle Age
18:18 Fishing Lines
20:35 Fletching
abyssquack
8:11 Loom
11:11 Feudal Age
15:37 Castle Age
14:39 Double-Bit Axe
16:46 Medium Warships
17:03 Gold Mining
17:24 Bow Saw
19:25 Wheelbarrow
19:47 Fletching
Im a Smurf
1:22 Loom
7:40 Double-Bit Axe
11:32 Feudal Age
15:38 Castle Age
14:10 Bow Saw
15:20 Fishing Lines
15:26 Horse Collar
18:34 Wheelbarrow
19:54 Medium Warships
LD$ Tio Bob
5:23 Loom
8:23 Feudal Age
9:57 Double-Bit Axe
13:13 Horse Collar
Karzul
10:04 Loom
11:50 Feudal Age
13:17 Double-Bit Axe
16:28 Castle Age
18:42 Horse Collar
Connection lost

Rejoining the realm…

Still unreachable

The connection could not be restored.

Session expired

The server has moved on; the page needs a fresh start.